 Dungeon Crawl Stone Soup version 0.30-a0-719-gcc4359ea44 (webtiles) character file.

Game seed: 12647391355670330287

249 Mitcholas the Shooter (level 5, -1/41 HPs)
             Began as a Draconian Hunter on Jan 26, 2023.
             Slain by an orc
             ... wielding a +1 flail of protection
              (4 damage)
             ... on level 4 of the Dungeon.
             The game lasted 00:05:15 (2744 turns).

Mitcholas the Shooter (Draconian Hunter)            Turns: 2744, Time: 00:05:16

Health: -1/41      AC:  7    Str: 14    XL:     5   Next: 87%
Magic:  5/5        EV: 12    Int: 15    God:
Gold:   145        SH:  0    Dex: 22    Spells: 4/4 levels left

rFire   . . .      SeeInvis .    a - +0 shortbow
rCold   . . .      Faith    .    (shield currently unavailable)
rNeg    . . .      Spirit   .    (body armour unavailable)
rPois   .          Reflect  .    (helmet restricted)
rElec   .          Harm     .    t - +0 cloak
rCorr   .          Rampage  .    u - +0 pair of gloves
Will    .....                    (no boots)
Stlth   +                        (no amulet)
HPRegen 0.26/turn                i - +6 ring of dexterity
MPRegen 0.09/turn                s - +6 ring of intelligence

@: confused
A: AC +5, unfitting armour, cold-blooded
a: no special abilities


You were on level 4 of the Dungeon.
You visited 1 branch of the dungeon, and saw 4 of its levels.

You collected 145 gold pieces.

Inventory:

Hand Weapons
 a - a +0 shortbow (weapon)
Missiles
 p - a throwing net
Armour
 t - a +0 cloak (worn)
 u - a +0 pair of gloves (worn)
Jewellery
 i - a +6 ring of dexterity (left hand)
 s - a +6 ring of intelligence (right hand)
Wands
 n - a wand of polymorph (7)
 o - a wand of charming (20)
Scrolls
 b - 3 scrolls of immolation
 c - 2 scrolls of vulnerability {unknown}
 d - a scroll of poison {unknown}
 f - 2 scrolls of magic mapping {unknown}
 g - 2 scrolls of enchant weapon {unknown}
 h - a scroll of fear {unknown}
 l - a scroll of enchant armour {unknown}
Potions
 e - a potion of resistance {unknown}
 j - a potion of might {unknown}
 k - 4 potions of curing {unknown}
 m - a potion of cancellation {unknown}
 q - a potion of brilliance {unknown}
 r - a potion of berserk rage {unknown}


   Skills:
 - Level 2.1 Fighting
 * Level 6.5 Ranged Weapons
 - Level 1.7 Dodging
 - Level 0.8 Stealth


You had 4 spell levels left.
You didn't know any spells.
Your spell library contained the following spells:

 Spells                   Type           Power      Damage    Failure   Level
 Sting                    Tmut/Pois      0%         1d3       26%         1
 Poisonous Vapours        Pois/Air       0%         N/A       38%         2
 Ozocubu's Armour         Ice            0%         N/A       63%         3
 Olgreb's Toxic Radiance  Pois           0%         N/A       95%         4
 Metabolic Englaciation   Hex/Ice        0%         N/A       100%        5
 Simulacrum               Ice/Necr       0%         N/A       100%        6


Dungeon Overview and Level Annotations

Branches:
Dungeon (4/15)
 Temple: D:4-7

Altars:
Cheibriados
Yredelemnul

Annotations:
D:4 1 runed translucent door, JzDz's ghost, novice HOFi


Innate Abilities, Weirdness & Mutations

Your plain brown scales are hard. (AC +5)
You cannot fit into any form of body armour.
You are cold-blooded and may be slowed by cold attacks.


Message History

You hear some strange, mumbled words.
You are more confused.
You bump into the rock wall.
Something hits you.
The orc priest mumbles some strange prayers to Beogh against you.
Beogh smites you!
You closely miss the orc.
Your tail-slap misses the orc.
Something hits you but does no damage. The orc barely misses you.
The orc priest mumbles some strange prayers to Beogh against you.
You barely resist. Something hits you.
You completely miss the orc.
You tail-slap the orc, but do no damage.
The orc hits you with a +1 flail of protection.
The orc priest calls upon Beogh to heal the orc priest.
The orc priest's wounds heal themselves!
The orc priest barely misses you. Something hits you but does no damage.
You hear some strange, mumbled words.
A puff of flame appears from out of thin air!
The puff of flame hits you!
* * * LOW HITPOINT WARNING * * *
You miss something. You tail-slap something.
The orc hits you but does no damage. The orc priest misses you.
Something hits you but does no damage. The orc closely misses you.
The orc priest hits you but does no damage.
Something hits you but does no damage.
The orc priest hits you with a +0 dagger.
* * * LOW HITPOINT WARNING * * *
You closely miss something. The orc hits you but does no damage.
The orc priest hits you but does no damage.
Something hits you.
* * * LOW HITPOINT WARNING * * *
The orc priest hits you but does no damage.
You're too confused to move!
The orc hits you but does no damage.
The orc priest hits you with a +0 flail.
* * * LOW HITPOINT WARNING * * *
The orc priest hits you with a +0 dagger.
* * * LOW HITPOINT WARNING * * *
Something hits you but does no damage.
You clumsily bash the orc priest but do no damage.
The orc hits you with a +1 flail of protection.
You die...

. .. ########...
#..........
..#####.o........
#....[)Jo@.......
#.#####.{o#######
#...# ...#####...#
...##.....#
..##.....#
#.##.....#
#######..#.....#
###......#.#...###


You could see 2 orc priests, an orc and an endoplasm.

Vanquished Creatures
  A hound (D:4)
  Jessica (D:2)
  An iguana (D:4)
  Terence (D:2)
  An orc wizard (D:3)
  3 gnolls (D:3)
  2 adders
  A worm (D:3)
  3 dart slugs
  6 orcs
  9 ball pythons
  2 endoplasms
  6 giant cockroaches
  5 goblins
  3 hobgoblins
  5 quokkas
  2 bats (D:1)
  3 kobolds
  4 rats (D:1)
59 creatures vanquished.

Notes
Turn   | Place    | Note
-------+----------+-------------------------------------------
     0 | D:1      | Mitcholas the Draconian Hunter began the quest for the Orb.
     0 | D:1      | Reached XP level 1. HP: 17/17 MP: 1/1
   187 | D:1      | Reached skill level 4 in Ranged Weapons
   205 | D:1      | Reached XP level 2. HP: 24/24 MP: 2/2
   898 | D:2      | Noticed Terence
  1088 | D:2      | Reached XP level 3. HP: 29/29 MP: 3/3
  1349 | D:2      | Noticed Jessica
  1359 | D:2      | Killed Jessica
  1360 | D:2      | Reached skill level 5 in Ranged Weapons
  1521 | D:2      | Reached XP level 4. HP: 36/36 MP: 4/4
  1649 | D:2      | Killed Terence
  1983 | D:3      | Found a snail-covered altar of Cheibriados.
  1995 | D:3      | Reached XP level 5. HP: 41/41 MP: 5/5
  2030 | D:3      | Reached skill level 6 in Ranged Weapons
  2316 | D:3      | Found a basalt altar of Yredelemnul.
  2639 | D:4      | Found a runed translucent door.
  2640 | D:4      | Noticed JzDz's ghost (novice HOFi)
  2744 | D:4      | Slain by an orc

Illustrated notes

Levels and vault maps discovered:
D:1:      lemuel_arrival_tunnels, layout_rooms, serial_corexii_hall,
          corexii_hall_statues_deadend, chequers_hall_statues_wall_a,
          chequers_hall_statues_y, corexii_leaking_fountain,
          nicolae_figureground_pulse
D:2:      layout_loops_ring, grunt_decor_one_mirror, uniq_jessica, uniq_terence
D:3:      layout_basic, kennysheep_slug_shrine, mainiacjoe_overflow_alcove_1
D:4:      layout_basic, kennysheep_little_box, hellmonk_ghost_happy_afterlife,
          nicolae_zen_rock_garden

Skill      XL: |  1  2  3  4  5 |
---------------+----------------+-----
Ranged Weapons | 4 5 6 |  6.5
Fighting       | |  2.1
Dodging        | |  1.7
Stealth        | |  0.8

Action                     |  1- 3 |  4- 6 || total
---------------------------+-------+-------++-------
  Melee: Shortbow          |       |     6 ||     6
         Tailslap          |       |     2 ||     2
   Fire: Shortbow          |    89 |   118 ||   207
 Armour: Skin              |     6 |    46 ||    52
  Dodge: Dodged            |    18 |    36 ||    54

Table legend: (Time is in decaauts)
 A = Elapsed time spent in this place.
 B = Non-inter-level travel time spent in this place.
 C = Inter-level travel time spent in this place.
 D = Time resting spent in this place.
 E = Time spent auto-exploring this place.
 F = Levels seen in this place.
 G = Mean time per level.
                   A        B        C        D        E       F      G
               +--------+--------+--------+--------+--------+-----+--------+
         Total |   2794 |   2447 |    347 |     38 |   1934 |   4 |  698.5 |
       Dungeon |   2794 |   2447 |    347 |     38 |   1934 |   4 |  698.5 |
               +--------+--------+--------+--------+--------+-----+--------+

Top non-repeatable levels by time:
     D:1: 982 daAuts
     D:3: 839 daAuts
     D:2: 816 daAuts
     D:4: 156 daAuts
